 Dungeon Crawl Stone Soup version 0.29-a0-350-g7790a0e70a (webtiles) character file.

Game seed: 9615543366335028069

57 zeratav the Conjurer (level 4, -3/27 HPs)
             Began as an Octopode Conjurer on Apr 22, 2022.
             Killed from afar by Ijyb (10 damage)
             ... with a puff of flame
             ... on level 3 of the Dungeon.
             The game lasted 00:03:06 (2291 turns).

zeratav the Conjurer (Octopode Conjurer)            Turns: 2291, Time: 00:03:07

Health: -3/27      AC:  1    Str:  6    XL:     4   Next: 0%
Magic:  1/7        EV: 13    Int: 22    God:
Gold:   79         SH:  5    Dex: 10    Spells: 5/8 levels left

rFire   . . .      SeeInvis .   d - +0 club {mace}
rCold   . . .      Faith    .   (no shield)
rNeg    . . .      Spirit   .   (helmet restricted)
rPois   .          Reflect  +   e - amulet of reflection
rElec   .          Harm     .   b - ring of willpower
rCorr   .          Rampage  .   (no ring)
Will    +....                   (no ring)
Stlth   +++.......              (no ring)
HPRegen 0.09/turn               (no ring)
MPRegen 0.10/turn               (no ring)
                                (no ring)
                                (no ring)

@: no status effects
A: almost no armour, amphibious, 8 rings, camouflage 1, gelatinous body 1,
(nimble swimmer 1), tentacles
a: no special abilities


You were on level 3 of the Dungeon.
You visited 1 branch of the dungeon, and saw 3 of its levels.

You collected 79 gold pieces.


Innate Abilities, Weirdness & Mutations

You cannot wear most types of armour.
You are amphibious.
You can wear up to eight rings at the same time.
Your skin changes colour to match your surroundings (Stealth+).
Your rubbery body absorbs attacks. (AC +1, EV +1)
((You are camouflaged when in or above water. (Stealth+)))
You have tentacles for arms and can constrict up to eight enemies at once.


   Skills:
 - Level 2.0 Dodging
 - Level 2.6 Stealth
 + Level 2.5 Spellcasting
 * Level 4.8 Conjurations
 + Level 1.4 Translocations


You had 5 spell levels left.
You knew the following spells:

 Your Spells              Type           Power      Damage    Failure   Level
a - Magic Dart            Conj           96%        1d7       1%          1
b - Searing Ray           Conj           48%        2d6       2%          2

Your spell library contained the following spells:

 Spells                   Type           Power      Damage    Failure   Level
 Animate Skeleton         Necr           4%         N/A       13%         1
 Pain                     Necr           8%         1d4       13%         1
 Dazzling Flash           Conj/Hex       26%        N/A       14%         3
 Gell's Gravitas          Tloc           9%         N/A       22%         3
 Lesser Beckoning         Tloc           9%         N/A       22%         3
 Teleport Other           Tloc           9%         N/A       22%         3
 Iskenderun's Mystic Bla  Conj/Tloc      16%        2d5       34%         4
 Vampiric Draining        Necr           2%         2d6       36%         3
 Fulminant Prism          Conj/Hex       6%         3d7       43%         4

Inventory:

Hand Weapons
 d - a +0 club (weapon) {mace}
   (You found it on level 1 of the Dungeon)
Magical Staves
 k - a staff of fire {staff}
   (You found it on level 1 of the Dungeon)
Jewellery
 b - a ring of willpower (left tentacle)
   (You found it on level 1 of the Dungeon)
 e - an amulet of reflection (around mantle)
   (You found it on level 1 of the Dungeon)
 i - an amulet of faith {!P}
   (You found it on level 1 of the Dungeon)
 o - a ring of ice
   (You found it on level 2 of the Dungeon)
Wands
 l - a wand of mindburst (13)
   (You found it on level 2 of the Dungeon)
Scrolls
 f - 2 scrolls of enchant armour {unknown}
 h - a scroll of immolation {unknown}
 m - a scroll of brand weapon {unknown}
Potions
 a - a potion of magic
 c - a potion of mutation {unknown}
 g - 4 potions of heal wounds {unknown}
 j - a potion of invisibility
 n - a potion of resistance {unknown}

Dungeon Overview and Level Annotations

Branches:
Dungeon (3/15)

Altars:

Shops:
D:2 (

Annotations:
D:3 Ijyb

........>.....
.....).##.##....
######..#.##o......#
##.#.# .......#
#...# ....... ##..##
....
#...####.########
##.........[.....
#..#...#@##
##........#
#.....#..#
###...###.....
+.....####.##.#
###{...###.# #
#........#
###..##### #..##


You could see an orc (asleep).


Message History

Found a metallic emerald potion.
Found a stone staircase leading down.
MP[+1]
Your mp is fully restored (6).
The magic dart hits the frilled lizard.
You kill the frilled lizard!
MP[-1]
You lost 1 mp, and now have 5/6 mp.
You can't see any susceptible monsters within range! (Use Z to cast anyway.)
You can't see any susceptible monsters within range! (Use Z to cast anyway.)
g - 4 metallic emerald potions (gained 1)
You see here a +0 hand axe {axe}.
Found a faintly humming leather armour.
MP[+1]
Your mp is fully restored (6).
You can't see any susceptible monsters within range! (Use Z to cast anyway.)
You can't see any susceptible monsters within range! (Use Z to cast anyway.)
An endoplasm comes into view.
You miscast Magic Dart.
You are very lightly contaminated with residual magic.
Nothing appears to happen.
MP[-1]
You lost 1 mp, and now have 5/6 mp.
The magic dart hits the endoplasm.
The endoplasm quivers.
MP[-1]
You lost 1 mp, and now have 4/6 mp.
The magic dart hits the endoplasm.
You kill the endoplasm!
MP[-1]
You lost 1 mp, and now have 3/6 mp.
You can't see any susceptible monsters within range! (Use Z to cast anyway.)
You can't see any susceptible monsters within range! (Use Z to cast anyway.)
Your magical contamination has completely faded away.
Ijyb the Twisted Goblin comes into view.
She is wielding a +0 club and carrying a wand of flame (18).
MP[+3]
Your mp is fully restored (6).
The magic dart hits Ijyb.
Ijyb shouts!
You hear a shout! x2
Ijyb screams, "Get away!"
MP[-1]
You lost 1 mp, and now have 5/6 mp.
Casting: Magic Dart (safe; 1% risk of failure)
Confirm with . or Enter, or press ? or * to list all spells.
Aiming: Searing Ray (safe; 2% risk of failure)
Press: ? - help, Shift-Dir - straight line, f/p - Ijyb
Aim: Ijyb, wielding a +0 club, wearing a +0 leather armour and carrying a wand of flame (18) (lightly wounded, 72% to hit)
The searing ray hits Ijyb. (Press . to maintain the ray.)
An orc comes into view. It is wielding a +0 club.
Ijyb screams, "I cut your head off!"
Ijyb drinks a potion.
Ijyb flickers and vanishes!
Deactivating autopickup; reactivate with Ctrl-A.
An orc comes into view. It is wielding a +0 hand axe.
MP[-2]
You lost 2 mp, and now have 3/6 mp.
Casting: Searing Ray (safe; 2% risk of failure)
Confirm with . or Enter, or press ? or * to list all spells.
You can't see any susceptible monsters within range! (Use Z to cast anyway.)
Casting: Searing Ray (safe; 2% risk of failure)
Confirm with . or Enter, or press ? or * to list all spells.
Restarting spell: Searing Ray (safe; 2% risk of failure)
Press: ? - help, Shift-Dir - straight line The searing ray hits something! (Press . to maintain the ray.)
The orc shouts!
You hear a shout!
The orc throws a boomerang.
You reflect the boomerang off an invisible shield around you!
The boomerang hits the orc!
You kill the orc!
You have reached level 4!
HP[+6] MP[-2]
You now have 27 max hp (+6).
Your hp is fully restored (27).
You lost 2 mp, and now have 1/7 mp.
MP[-1]
You lost 1 mp, and now have 0/7 mp.
You hear a zap.
A puff of flame appears from out of thin air!
The puff of flame hits you.
HP[-6]
You take 6 damage, and now have 21/27 hp.
MASSIVE DAMAGE!! (PAUSE)
You hear a zap.
A puff of flame appears from out of thin air!
The puff of flame hits you!
* * * LOW HITPOINT WARNING * * *
HP[-9]
You take 9 damage, and now have 12/27 hp.
MASSIVE DAMAGE!! (PAUSE)
You hear a zap.
A puff of flame appears from out of thin air!
The puff of flame hits you.
* * * LOW HITPOINT WARNING * * *
HP[-5] MP[+1]
You take 5 damage, and now have 7/27 hp.
An orc comes into view. It is wielding a +0 club.
You hear a zap.
A puff of flame appears from out of thin air!
The puff of flame hits you!
You die...

Skill      XL: |  1  2 |
---------------+-------+-----
Translocations | 1 |  1.4
Dodging        | |  2.0
Stealth        | |  2.6
Spellcasting   | |  2.5
Conjurations   | |  4.8

Action                   |  1- 3 |  4- 6 || total
-------------------------+-------+-------++-------
Melee: Club              |    11 |       ||    11
       Constrict         |     3 |       ||     3
       Tentacles         |     2 |       ||     2
 Cast: Magic Dart        |    87 |       ||    87
       Searing Ray       |     2 |       ||     2
Armor: Skin              |     4 |       ||     4
Dodge: Dodged            |    15 |       ||    15
Block: Other             |     9 |       ||     9
       Reflection        |     1 |       ||     1

Levels and vault maps discovered:
D:1:      ldierk_walled_garden_2, layout_rooms,
          hellmonk_ecumenical_altar_arch_garden, minmay_tetromino_s2
D:2:      layout_loops_corners, serial_shops, shop, st_stairs_5
D:3:      layout_basic, uniq_ijyb, uniq_crazy_yiuf_cottage

Notes
Turn   | Place    | Note
-------+----------+-------------------------------------------
     0 | D:1      | zeratav the Octopode Conjurer began the quest for the Orb.
     0 | D:1      | Reached XP level 1. HP: 11/11 MP: 3/3
     0 | D:1      | magus.rc [v1.9.6]
    27 | D:1      | You pick up a book of Necromancy and begin reading...
    27 | D:1      | You add the spells Pain, Animate Skeleton and Vampiric
                  | Draining to your library.
   198 | D:1      | Reached XP level 2. HP: 17/17 MP: 1/5
   310 | D:1      | Learned a level 2 spell: Searing Ray
   725 | D:1      | Reached skill level 1 in Translocations
   940 | D:1      | Found a faded altar of an unknown god.
   949 | D:1      | Reached XP level 3. HP: 21/21 MP: 0/6
  1720 | D:2      | You pick up a book of Displacement and begin reading...
  1720 | D:2      | You add the spells Lesser Beckoning, Gell's Gravitas and
                  | Teleport Other to your library.
  2015 | D:2      | Found Detarchu's Weapon Boutique.
  2276 | D:3      | Noticed Ijyb
  2281 | D:3      | Reached XP level 4. HP: 27/27 MP: 1/7
  2291 | D:3      | Killed from afar by Ijyb

Vanquished Creatures
  2 dart slugs (D:1)
  An orc (D:3)
  4 ball pythons
  5 endoplasms
  3 giant cockroaches
  7 goblins
  A hobgoblin (D:2)
  4 quokkas
  3 bats
  3 frilled lizards
  10 kobolds
  3 rats
46 creatures vanquished.

Vanquished Creatures (others)
  4 toadstools (D:1)
4 creatures vanquished.

Grand Total: 50 creatures vanquished

Table legend:
 A = Non-vault XP
 B = Vault XP
 C = Vault XP percentage of total XP
 D = Non-vault monster count
 E = Vault monster count
 F = Vault count percentage of total count
                 A         B        C        D         E       F
            +---------+---------+-------+---------+---------+-------
      Total |      76 |       6 |   7.3 |      42 |       4 |   8.7
            +---------+---------+-------+---------+---------+-------
        D:1 |      37 |       2 |   5.1 |      20 |       1 |   4.8
        D:2 |      31 |       4 |  11.4 |      18 |       3 |  14.3
        D:3 |       8 |       0 |   0.0 |       4 |       0 |   0.0
            +---------+---------+-------+---------+---------+-------

Illustrated notes

Table legend:
 A = Kills in this place as a percentage of kills in entire the game.
 B = Kills by you in this place as a percentage of kills by you in the entire game.
 C = Kills by friends in this place as a percentage of kills by friends in the entire game.
 D = Other kills in this place as a percentage of other kills in the entire game.
 E = Experience gained in this place as a percentage of experience gained in the entire game.
 F = Experience gained in this place divided by the number of levels of this place that you have seen.
                   A       B       C       D       E      F
               +-------+-------+-------+-------+-------+----------------------
         Total | 100.0 | 100.0 |   N/A |   N/A | 100.0 |  27.3
       Dungeon | 100.0 | 100.0 |   N/A |   N/A | 100.0 |  27.3
               +-------+-------+-------+-------+-------+----------------------

Table legend: (Time is in decaauts)
 A = Elapsed time spent in this place.
 B = Non-inter-level travel time spent in this place.
 C = Inter-level travel time spent in this place.
 D = Time resting spent in this place.
 E = Time spent auto-exploring this place.
 F = Levels seen in this place.
 G = Mean time per level.
                   A        B        C        D        E       F      G
               +--------+--------+--------+--------+--------+-----+--------+
         Total |   2292 |   2235 |     57 |     37 |   1958 |   3 |  764.0 |
       Dungeon |   2292 |   2235 |     57 |     37 |   1958 |   3 |  764.0 |
               +--------+--------+--------+--------+--------+-----+--------+

Top non-repeatable levels by time:
     D:1: 1094 daAuts
     D:2: 1083 daAuts
     D:3: 114 daAuts
